Map: Zen LE

Players

CDogg

  • Race: Protoss Protoss
  • League: Gold
  • Spawn Location: 1:00

ViBE - Winner!

  • Race: Zerg Zerg
  • League: Silver
  • Spawn Location: 7:00

VOD

Have the link to the VOD?

Description

Time

  • Played on: Dec. 6, 2019, 5:13 p.m.
  • Length: 15:33
Show
View Real Time Build Order
Export as new Build Order

CDogg Protoss 

Build Orders: Oracle Opening, Carriers 

Get SALT Encoding   

  12  0:01  Probe  
  13  0:13  Probe  
  14  0:20  Pylon  
  14  0:27  Probe  
  15  0:39  Gateway  
  15  0:42  Probe  
  16  0:54  Probe  
  16  0:55  Assimilator  
  17  1:04  Pylon  
  17  1:11  Probe  
  18  1:23  Probe  
  19  1:27  Cybernetics Core  
  19  1:35  Probe (Chrono Boost)  
  20  1:47  Nexus  
  20  1:50  Probe  
  20  1:53  Assimilator  
  21  2:16  Probe (Chrono Boost)  
  21  2:20  Stargate  
  22  2:28  Probe (Chrono Boost)  
  22  2:29  Stalker  
  25  2:34  Probe (Chrono Boost)  
  26  2:45  Gateway  
  26  2:46  Pylon  
  26  2:51  Pylon  
  26  2:54  Probe (Chrono Boost)  
  27  3:04  Oracle  
  27  3:05  Probe (Chrono Boost)  
  31  3:08  Warp Gate  
  31  3:10  Probe (Chrono Boost)  
  31  3:11  Probe (Chrono Boost)  
  35  3:20  Probe (Chrono Boost)  
  35  3:21  Probe (Chrono Boost)  
  35  3:27  Probe x2 (Chrono Boost)  
  37  3:36  Probe x2  
  37  3:37  Gateway  
  39  3:48  Probe x2, Void Ray  
  45  4:02  Forge  
  45  4:36  Void Ray  
  46  4:39  Probe (Chrono Boost)  
  46  4:40  Probe (Chrono Boost)  
  48  4:51  Probe (Chrono Boost)  
  50  4:53  Assimilator  
  50  4:54  Protoss Ground Weapons Level 1 (Chrono Boost)  
  50  4:55  Assimilator  
  50  4:57  Probe (Chrono Boost)  
  50  5:04  Stalker x2  
  50  5:06  Stalker  
  56  5:14  Protoss Air Weapons Level 1  
  56  5:18  Nexus  
  56  5:19  Pylon  
  57  5:21  Probe x2  
  58  5:29  Void Ray (Chrono Boost)  
  58  5:31  Nexus  
  58  5:32  Pylon  
  62  5:37  Probe x2  
  65  5:52  Probe x2 (Chrono Boost)  
  66  6:03  Probe (Chrono Boost)  
  68  6:05  Void Ray  
  68  6:06  Probe (Chrono Boost)  
  68  6:07  Stalker x2  
  68  6:09  Stalker  
  78  6:27  Pylon x2  
  78  6:30  Probe x2, Pylon  
  78  6:31  Forge  
  80  6:43  Probe (Chrono Boost), Gateway  
  80  6:44  Gateway, Stargate  
  80  6:46  Probe (Chrono Boost)  
  84  6:47  Probe (Chrono Boost)  
  84  6:48  Probe (Chrono Boost)  
  84  6:53  Probe (Chrono Boost)  
  86  6:56  Probe x2 (Chrono Boost)  
  86  6:57  Probe (Chrono Boost)  
  89  7:02  Probe x3 (Chrono Boost)  
  89  7:04  Probe (Chrono Boost)  
  89  7:06  Protoss Ground Armor Level 1  
  89  7:08  Probe x2, Protoss Shields Level 1  
  92  7:09  Probe  
  92  7:13  Probe  
  92  7:14  Void Ray (Chrono Boost)  
  100  7:20  Probe  
  100  7:21  Probe  
  102  7:22  Protoss Air Armor Level 1  
  102  7:23  Probe  
  102  7:25  Probe  
  102  7:26  Assimilator  
  104  7:30  Assimilator  
  104  7:33  Probe x2  
  104  7:35  Probe  
  104  7:36  Void Ray (Chrono Boost)  
  107  7:37  Probe  
  112  7:45  Probe x2  
  112  7:48  Probe (Chrono Boost)  
  112  7:50  Probe (Chrono Boost)  
  116  7:52  Void Ray (Chrono Boost)  
  116  7:57  Probe (Chrono Boost)  
  122  8:07  Probe x2 (Chrono Boost), Fleet Beacon  
  122  8:12  Probe (Chrono Boost), Void Ray (Chrono Boost)  
  127  8:13  Probe  
  127  8:15  Zealot  
  131  8:23  Pylon  
  131  8:24  Probe  
  131  8:25  Pylon  
  131  8:26  Pylon  
  132  8:28  Pylon  
  132  8:29  Assimilator  
  132  8:33  Assimilator  
  132  8:38  Void Ray (Chrono Boost)  
  132  8:44  Nexus  
  132  8:46  Pylon  
  132  8:47  Pylon  
  140  9:13  Stargate  
  140  9:14  Tempest (Chrono Boost)  
  140  9:15  Carrier (Chrono Boost)  
  140  9:16  Stargate  
  147  9:19  Stalker  
  147  9:20  Zealot  
  147  9:21  Zealot x3  
  157  9:29  Twilight Council  
  157  9:31  Probe x4  
  161  9:43  Probe x4  
  165  9:49  Zealot x3  
  165  9:50  Zealot  
  173  9:55  Probe x2  
  192  10:01  Carrier x2 (Chrono Boost)  
  192  10:06  Carrier (Chrono Boost)  
  181  10:15  Carrier (Chrono Boost)  
  161  10:24  Stalker x5  
  135  10:39  Probe  
  135  10:41  Probe x3  
  112  10:43  Probe  
  102  10:51  Probe  
  102  10:53  Probe x2  
  102  10:54  Stalker x5  
  102  10:55  Probe  
  116  10:57  Void Ray  
  116  10:58  Void Ray  
  116  10:59  Void Ray  
  116  11:03  Void Ray  
  132  11:08  Probe  
  133  11:17  Protoss Air Weapons Level 2 (Chrono Boost)  
  132  11:20  Probe  
  133  11:27  Stalker x5  
  143  11:49  Unknown  
  143  11:54  Carrier x2 (Chrono Boost)  
  155  12:02  Void Ray (Chrono Boost)  
  159  12:13  Nexus  
  159  12:21  Nexus  
  157  12:23  Pylon  
  157  12:25  Probe x3, Pylon  
  157  12:28  Stalker  
  157  12:29  Stalker x4  
  163  12:30  Pylon  
  163  12:35  Pylon, Charge  
  156  12:41  Probe x2  
  156  12:43  Probe  
  152  12:53  Probe x2  
  152  12:55  Probe  
  119  13:06  Probe  
  102  13:18  Void Ray x2  
  102  13:19  Stalker  
  110  13:20  Stalker x4  
Show
View Real Time Build Order
Export as new Build Order

ViBE Zerg - Winner!

Build Orders: Hatch First, Roach Hydra 

Get SALT Encoding   

  12  0:01  Drone  
  13  0:12  Overlord  
  13  0:17  Drone  
  14  0:30  Drone x2  
  16  0:40  Drone  
  17  0:52  Hatchery  
  16  0:59  Drone x2  
  18  1:13  Spawning Pool  
  18  1:15  Drone  
  18  1:18  Drone  
  19  1:29  Drone  
  20  1:35  Extractor  
  20  1:39  Drone  
  20  1:53  Drone  
  21  2:02  Drone  
  21  2:04  Queen x2  
  21  2:07  Overlord  
  26  2:17  Drone x2  
  28  2:27  Drone x2  
  30  2:32  Drone  
  32  2:37  Drone  
  32  2:41  Lair  
  32  2:43  Queen  
  34  2:44  Drone  
  34  2:48  Overlord  
  35  2:58  Hatchery  
  34  3:00  Drone x2  
  36  3:06  Overlord  
  36  3:10  Drone  
  37  3:14  Drone x4  
  37  3:16  Drone  
  37  3:18  Drone  
  43  3:28  Roach Warren  
  43  3:30  Drone x3  
  43  3:33  Extractor x2  
  43  3:36  Queen  
  45  3:46  Drone x5  
  45  3:47  Drone  
  51  3:49  Drone  
  52  4:06  Overlord x2  
  52  4:07  Overlord  
  52  4:10  Drone x3  
  52  4:11  Glial Reconstitution  
  52  4:15  Evolution Chamber  
  54  4:21  Drone x4  
  54  4:22  Drone  
  54  4:24  Spore Crawler  
  57  4:26  Spore Crawler  
  57  4:27  Spore Crawler  
  57  4:29  Drone  
  57  4:30  Drone x2  
  57  4:31  Drone  
  57  4:36  Drone  
  57  4:37  Drone x2  
  61  4:41  Zerg Missile Weapons Level 1  
  61  4:45  Overlord  
  61  4:47  Overlord  
  61  4:55  Roach x2  
  65  5:01  Roach  
  65  5:02  Roach  
  65  5:06  Roach  
  79  5:07  Roach x5  
  81  5:21  Drone x5  
  81  5:22  Drone x2  
  88  5:41  Drone  
  88  5:42  Drone x3  
  92  5:47  Extractor  
  91  5:52  Drone  
  91  5:53  Extractor x2, Drone x2  
  92  6:11  Drone  
  92  6:12  Drone x2  
  92  6:14  Hatchery  
  92  6:17  Drone  
  95  6:21  Overlord x6  
  95  6:28  Drone x2  
  95  6:29  Drone  
  98  6:34  Hydralisk Den  
  98  6:38  Evolution Chamber  
  98  6:39  Drone x2  
  98  6:41  Drone  
  98  6:42  Drone x7  
  106  7:07  Drone x7  
  113  7:12  Extractor  
  113  7:14  Extractor  
  111  7:21  Zerg Missile Weapons Level 2  
  111  7:22  Hatchery  
  111  7:23  Zerg Ground Armor Level 1  
  110  7:34  Grooved Spines  
  110  8:03  Hydralisk x6  
  110  8:04  Hydralisk x15  
  152  8:06  Overlord x4  
  152  8:13  Hatchery x2  
  150  8:45  Muscular Augments  
  150  8:53  Hydralisk x17  
  150  8:54  Hydralisk x3  
  190  8:57  Overlord x2  
  190  9:18  Hydralisk x5  
  200  9:26  Zerg Ground Armor Level 2  
  200  9:27  Drone, Infestation Pit  
  160  10:21  Hive  
  160  10:22  Hydralisk x6  
  160  10:23  Hydralisk x18  
  160  10:24  Hydralisk x2  
  150  11:32  Hydralisk x17  
  152  11:33  Hydralisk x8  
  200  11:42  Zerg Missile Weapons Level 3  
  200  11:44  Zerg Ground Armor Level 3  
  126  13:55  Hydralisk  
  126  13:56  Hydralisk x28  
  126  13:57  Hydralisk x6  
  126  14:01  Hydralisk x2  
Tags
 
Add a new tag
Caveats
  • Supply blocks, unpowered buildings, or Contaminate may cause inaccurate times.
  • Supply counts are checked every 10 seconds.